 Dungeon Crawl Stone Soup version 0.28.0-53-g5a82cb258f (webtiles) character file.

Game seed: 15707732535981669811

23 bnorton916 the Firebug (level 2, 0/15 HPs)
             Began as a Deep Elf Fire Elementalist on June 10, 2022.
             Constricted to death by a ball python (1 damage)
             ... on level 1 of the Dungeon.
             The game lasted 00:00:54 (961 turns).

bnorton916 the Firebug (Deep Elf Fire Elementalist)  Turns: 961, Time: 00:00:55

Health: 0/15       AC:  2    Str:  5    XL:     2   Next: 75%
Magic:  1/8        EV:  9    Int: 19    God:
Gold:   53         SH:  0    Dex: 15    Spells: 7/8 levels left

rFire   . . .      SeeInvis .   (no weapon)
rCold   . . .      Faith    .   (no shield)
rNeg    . . .      Spirit   .   a - +0 robe
rPois   .          Reflect  .   (no helmet)
rElec   .          Harm     .   (no cloak)
rCorr   .          Rampage  .   (no gloves)
Will    .....                   (no boots)
Stlth   ++........              (no amulet)
HPRegen 0.05/turn               (no ring)
MPRegen 0.11/turn               (no ring)

@: constricted
A: no striking features
a: no special abilities


You were on level 1 of the Dungeon.
You visited 1 branch of the dungeon, and saw 1 of its levels.

You collected 53 gold pieces.

Inventory:

Armour
 a - a +0 robe (worn)
Scrolls
 b - a scroll of blinking {unknown}


   Skills:
 - Level 2.4 Dodging
 - Level 2.4 Stealth
 + Level 3.6 Spellcasting
 + Level 2.0 Conjurations
 + Level 3.7 Fire Magic


You had 7 spell levels left.
You knew the following spells:

 Your Spells              Type           Power      Damage    Failure   Level
a - Foxfire               Conj/Fire      56%        2x1d6     4%          1

Your spell library contained the following spells:

 Spells                   Type           Power      Damage    Failure   Level
 Scorch                   Fire           34%        2d7       4%          2
 Conjure Flame            Conj/Fire      14%        6-21      13%         3
 Inner Flame              Hex/Fire       10%        N/A       21%         3
 Flame Wave               Conj/Fire      14%        2d6       41%         4


Dungeon Overview and Level Annotations

Branches:
Dungeon (1/15)

Altars:


Message History

The ball python bites you. The ball python constricts you.
You escape the ball python's grasp.
The jackal barely misses you. The jackal barely misses you.
There is an open door here.
The jackal bites you but does no damage.
Casting: Foxfire (safe; 4% risk of failure)
Confirm with . or Enter, or press ? or * to list all spells.
You conjure some foxfire!
The jackal barely misses you.
The foxfire hits the jackal.
You kill the jackal!
The foxfire hits the goblin.
The goblin is heavily wounded.
Your Conjurations skill increases to level 2!
The ball python bites you. The ball python misses you.
Casting: Foxfire (safe; 4% risk of failure)
Confirm with . or Enter, or press ? or * to list all spells.
You conjure some foxfire!
The goblin hits you with a +0 dagger.
The foxfire hits the goblin.
The goblin is heavily wounded.
The foxfire hits the goblin.
The goblin is severely wounded.
The goblin hits you with a +0 dagger.
* * * LOW HITPOINT WARNING * * *
Casting: Foxfire (safe; 4% risk of failure)
Confirm with . or Enter, or press ? or * to list all spells.
You conjure some foxfire!
The ball python misses you. x2
The goblin hits you but does no damage.
The foxfire hits the ball python.
The ball python is moderately wounded.
The foxfire hits the goblin.
You kill the goblin!
The ball python barely misses you. The ball python closely misses you.
Unknown command.
Casting: Foxfire (safe; 4% risk of failure)
Confirm with . or Enter, or press ? or * to list all spells.
You conjure some foxfire!
The ball python barely misses you.
The ball python closely misses you. x2; The ball python grabs you.
The ball python constricts you.
You die...

##########.#÷#####..#.###..≈#≈#≈.
#.#÷.# #..#.# ###≈#≈≈.. #.##.#
#..#.# #≈#8≈## #.##.## #..#.#
#.####. #.....# #..#.# #.≈.≈≈.
####..###..#.# #..###.
#...##..#.# #.## #.
##..)v#..#.#####.# #.
#...S@#....#.....# #.
#.#.v.#.####.#.### #.
###########'#.#........#.### #.
#......................#...####.
#............##.......#.........
#.............#..>....#...(..###
#.............###.##.##......#
#.............##.....##......#
#.............##....###......#


You could see a ball python (ally target).

Vanquished Creatures
  An endoplasm (D:1)
  5 goblins (D:1)
  A hobgoblin (D:1)
  4 jackals (D:1)
  A quokka (D:1)
  3 ball pythons (D:1)
  2 bats (D:1)
  3 rats (D:1)
  A spectral hobgoblin (D:1)
21 creatures vanquished.

Vanquished Creatures (others)
  87 foxfires (D:1)
87 creatures vanquished.

Grand Total: 108 creatures vanquished

Notes
Turn   | Place    | Note
-------+----------+-------------------------------------------
     0 | D:1      | bnorton916 the Deep Elf Fire Elementalist began the quest
                  | for the Orb.
     0 | D:1      | Reached XP level 1. HP: 10/10 MP: 6/6
    93 | D:1      | Found a faded altar of an unknown god.
   617 | D:1      | Reached XP level 2. HP: 15/15 MP: 2/8
   961 | D:1      | Constricted to death by a ball python

Illustrated notes

Levels and vault maps discovered:
D:1:      saegor_arrival_simple_c, layout_basic,
          dreamdust_ecumenical_altar_drowned_temple,
          nicolae_figureground_sparkle

Skill      XL: |  1  2 |
---------------+-------+-----
Conjurations   | 2 |  2.0
Dodging        | |  2.4
Stealth        | |  2.4
Spellcasting   | |  3.6
Fire Magic     | |  3.7

Action                   || total
-------------------------++-------
 Cast: Foxfire           ||    55
Armor: Robe              ||     7
Dodge: Dodged            ||    32
